 Dungeon Crawl Stone Soup version 0.21.1-1-g345015f (webtiles) character file.

492 aMcNicky the Shield-Bearer (level 6, 0/56 HPs)
             Began as a Minotaur Fighter on Mar 3, 2018.
             Was an Initiate of Ru.
             Killed from afar by an orc wizard (6 damage)
             ... with a magic dart
             ... on level 4 of the Dungeon.
             The game lasted 00:10:06 (2828 turns).

aMcNicky the Shield-Bearer (Minotaur Fighter)       Turns: 2828, Time: 00:10:08

Health: 0/56       AC: 11    Str: 23    XL:     6   Next: 91%
Magic:  5/5        EV:  8    Int:  5    God:    Ru [......]
Gold:   156        SH: 10    Dex:  9    Spells: 5/5 levels left

rFire    . . .     SeeInvis .   a - +0 flail
rCold    . . .     Gourm    .   c - +0 shield
rNeg     . . .     Faith    .   e - quicksilver dragon scales (curse)
rPois    .         Spirit   .   (helmet restricted)
rElec    .         Reflect  .   (no cloak)
rCorr    .         Harm     .   (no gloves)
MR       +....                  (no boots)
Stlth    ..........             (no amulet)
HPRegen  0.18/turn              (no ring)
MPRegen  0.09/turn              (no ring)

@: no status effects
A: retaliatory headbutt, horns 2
a: Renounce Religion


You were on level 4 of the Dungeon.
You worshipped Ru.
Ru was noncommittal.
You were not hungry.

You visited 1 branch of the dungeon, and saw 4 of its levels.
You also visited: Sewer.

You collected 156 gold pieces.

Inventory:

Hand Weapons
 a - a +0 flail (weapon)
Armour
 b - a +0 scale mail
 c - a +0 shield (worn)
 e - cursed quicksilver dragon scales (worn)
Scrolls
 h - a scroll of magic mapping {unknown}
 j - 4 scrolls of remove curse {unknown}
 l - 3 scrolls of identify {unknown}
 m - 4 scrolls of enchant armour {unknown}
 n - 3 scrolls of teleportation {unknown}
 q - a scroll of blinking {unknown}
 r - a scroll of random uselessness {unknown}
Potions
 d - a potion of might
 i - 4 potions of haste {unknown}
 k - 2 potions of agility {unknown}
 o - a potion of berserk rage {unknown}
 p - a potion of curing {unknown}
 s - a potion of lignification {unknown}
 t - a potion of heal wounds {unknown}
Comestibles
 f - 8 rations


   Skills:
 + Level 5.6 Fighting
 + Level 4.9 Maces & Flails
 + Level 5.6 Armour
 + Level 5.7 Shields


You had 5 spell levels left.
You didn't know any spells.

Dungeon Overview and Level Annotations

Branches:
Dungeon (4/15)             Temple (0/1) D:4

Altars:
Ru


Innate Abilities, Weirdness & Mutations

You reflexively headbutt those who attack you in melee.
You have a pair of horns on your head.


Message History

You hear some strange, mumbled words.
A puff of flame appears from out of thin air!
You block the puff of flame.
The orc priest invokes the aid of Beogh against you.
Beogh smites you!
* * * LOW HITPOINT WARNING * * *
You block the orc's attack. You block something's attack.
Your shield and quicksilver dragon scales prevent you from hitting the orc.
You headbutt the orc, but do no damage.
The orc is heavily wounded.
You block the orc priest's attack. The orc hits you with a club.
* * * LOW HITPOINT WARNING * * *
Something hits you but does no damage.
You thump the orc!
You kill the orc!
You block the orc priest's attack.
You hear some strange, mumbled words.
A magic dart appears from out of thin air!
The magic dart hits you!
You die...

###.........# #.
#...........# ##.
#.....####### #..
#.....# #<##### #..
#.....# #.#...# #.#
#.....####.#...#### #.#
#......o......o...###o#
###..){########...#....
#...@# #......o# #....#
##..#.### #....#
#..#.##. #....#
#..#.##. #....#
#....... #....#
##...... #....# #.....(
###### ##.....
.........


You could see an orc priest.

Vanquished Creatures
  2 bullfrogs (Sewer)
  An orc wizard (D:3)
  Natasha (thrice) (D:2)
  An iguana (D:4)
  7 adders
  9 oozes (Sewer)
  3 worms
  A dart slug (D:1)
  8 leopard geckos
  6 orcs
  17 giant cockroaches
  12 goblins
  9 hobgoblins
  2 jackals (D:1)
  4 kobolds
  2 quokkas (D:2)
  12 ball pythons
  7 bats
  9 frilled lizards
  5 rats
120 creatures vanquished.

Vanquished Creatures (others)
  A ghoul (D:1)
  An octopode (D:1)
  A vine stalker (D:1)
  2 elves (D:1)
  A troll (D:1)
  A spriggan (D:1)
  A naga (D:1)
  An ogre (D:1)
  3 mummies (D:1)
  An orc (D:1)
  2 kobolds (D:1)
  14 tentacles (D:1)
29 creatures vanquished.

Grand Total: 149 creatures vanquished

Notes
Turn   | Place    | Note
-------+----------+-------------------------------------------
     0 | D:1      | aMcNicky the Minotaur Fighter began the quest for the Orb.
     0 | D:1      | Reached XP level 1. HP: 19/19 MP: 0/0
     3 | D:1      | Killed an ogre
     6 | D:1      | Killed an elf
     6 | D:1      | Killed a spriggan
     9 | D:1      | Killed an elf
    13 | D:1      | Killed an octopode
    16 | D:1      | Noticed a kraken
    16 | D:1      | Noticed a ghoul
    16 | D:1      | Noticed a naga
    16 | D:1      | Noticed a troll
    16 | D:1      | Noticed a vine stalker
    16 | D:1      | Killed a naga
    19 | D:1      | Killed a ghoul
    21 | D:1      | Killed a vine stalker
    21 | D:1      | Killed a troll
    98 | D:1      | Reached XP level 2. HP: 27/27 MP: 1/1
   410 | D:2      | Noticed Natasha
   415 | D:2      | Noticed a crimson imp
   419 | D:2      | Killed Natasha
   419 | D:2      | Reached XP level 3. HP: 20/33 MP: 2/2
   827 | D:2      | Reached XP level 4. HP: 41/41 MP: 3/3
  1004 | D:2      | Noticed Natasha
  1011 | D:2      | Killed Natasha
  1027 | D:2      | Noticed Natasha
  1040 | D:2      | Killed Natasha
  1122 | D:3      | Reached XP level 5. HP: 47/47 MP: 4/4
  1414 | D:3      | Found a glowing drain.
  1435 | Sewer    | Entered a sewer
  1566 | Sewer    | Reached skill level 5 in Shields
  1622 | Sewer    | Reached skill level 5 in Armour
  1633 | Sewer    | Reached skill level 5 in Fighting
  1732 | Sewer    | Reached XP level 6. HP: 55/56 MP: 5/5
  2280 | D:3      | Found a sacrificial altar of Ru.
  2679 | D:3      | Became a worshipper of Ru the Awakened
  2779 | D:4      | Found a staircase to the Ecumenical Temple.
  2828 | D:4      | Killed from afar by an orc wizard

Skill      XL: |  1  2  3  4  5 |
---------------+----------------+-----
Armour         | 4 5 |  5.6
Fighting       | 4 5 |  5.6
Shields        | 4 5 |  5.7
Maces & Flails | 3 4 |  4.9

Action                   |  1- 3 |  4- 6 || total
-------------------------+-------+-------++-------
Melee: Flail             |    87 |   259 ||   346
       Headbutt          |    10 |    34 ||    44
  Eat: Chunk             |       |     7 ||     7
Armor: Quicksilver drago |    38 |   125 ||   163
Dodge: Dodged            |    26 |    94 ||   120
Block: Shield            |    35 |   161 ||   196
